 Dungeon Crawl Stone Soup version 0.23.2-40-g277498a001 (webtiles) character file.

Game seed: 11338125235436567355

35 Glamhuggeren the Chopper (level 3, 0/42 HPs)
             Began as a Demonspawn Gladiator on Oct 7, 2019.
             Slain by a gnoll (2 damage)
             ... on level 2 of the Dungeon.
             The game lasted 00:02:10 (1124 turns).

Glamhuggeren the Chopper (Demonspawn Gladiator)     Turns: 1124, Time: 00:02:11

Health: 0/42       AC: 21    Str: 15    XL:     3   Next: 16%
Magic:  3/3        EV:  2    Int:  9    God:
Gold:   68         SH:  0    Dex: 14    Spells: 2/2 levels left

rFire    . . .     SeeInvis .   a - +0 war axe
rCold    . . .     Gourm    .   (no shield)
rNeg     + + +     Faith    .   (armour currently unavailable)
rPois    +         Spirit   .   (helmet currently unavailable)
rElec    .         Reflect  .   (cloak currently unavailable)
rCorr    .         Harm     .   (gloves currently unavailable)
MR       .....     NoTele   +   (boots currently unavailable)
Stlth    +.........             (no amulet)
HPRegen  0.14/turn              (no ring)
MPRegen  0.08/turn              (no ring)

@: tree-form
A: repulsion field 1
a: no special abilities


You were on level 2 of the Dungeon.
You were hungry.
You were a tree.
You visited 1 branch of the dungeon, and saw 2 of its levels.

You collected 68 gold pieces.

Inventory:

Hand Weapons
 a - a +0 war axe (weapon)
 i - a +0 hunting sling
Missiles
 d - 3 throwing nets (quivered)
 j - 7 curare-tipped needles
 l - 20 sling bullets
 n - 4 stones
Armour
 b - a +0 leather armour (melded)
 c - a +0 helmet (melded)
Scrolls
 e - 2 scrolls of magic mapping {unknown}
 g - 4 scrolls of enchant armour {unknown}
 o - a scroll of identify {unknown}
Potions
 k - a potion of brilliance {unknown}
 m - a potion of degeneration {unknown}
 p - a potion of heal wounds {unknown}
 q - a potion of berserk rage {unknown}
Comestibles
 f - 5 rations


   Skills:
 + Level 2.6 Fighting
 + Level 3.2 Axes
 - Level 2.0 Throwing
 - Level 3.0 Dodging


You had 2 spell levels left.
You didn't know any spells.
Your spell library was empty.

Dungeon Overview and Level Annotations

Branches:
Dungeon (2/15)

Altars:
Xom


Innate Abilities, Weirdness & Mutations

You are surrounded by a mild repulsion field. (EV +2)
((Your flesh is heat resistant. (rF+)))


Message History

Your experience leads to an increase in your attributes!
Increase (S)trength, (I)ntelligence, or (D)exterity?
You feel stronger.
Your demonic ancestry asserts itself...
You feel resistant to heat.
You miss the bat. You hit the gnoll but do no damage.
The bat closely misses you. The gnoll hits you.
The gnoll hits you from afar with a +0 spear.
You slash the gnoll!
The gnoll is almost dead.
The gnoll hits you. The gnoll barely misses you. The bat closely misses you.
The gnoll hits you.
* * * LOW HITPOINT WARNING * * *
The gnoll hits you from afar with a +0 spear!
* * * LOW HITPOINT WARNING * * *
It was a potion of lignification.
You turn into a tree.
Your +0 helmet melds into your body.
Your +0 leather armour melds into your body.
Your roots penetrate the ground.
The bat hits you but does no damage. The gnoll hits you.
You die...

.##......######..#####
.......................
##.....#.#####...####
#.....#># #..##
#.......## #..#
........###....# ....
##......###.##.###.#...
.....##......#...#...#.#
..... ##....)♣.b....#
.... ####gg##....... ...
...... ....##. ###
#...... ......
#..###......... ....
....... ... >...... ##


You could see 2 gnolls and a bat.

Vanquished Creatures
  A gnoll (D:2)
  A dart slug (D:1)
  2 leopard geckos (D:1)
  A bat (D:1)
  2 jackals (D:1)
  3 frilled lizards
  8 kobolds (D:1)
  4 rats (D:1)
22 creatures vanquished.

Notes
Turn   | Place    | Note
-------+----------+-------------------------------------------
     0 | D:1      | Glamhuggeren the Demonspawn Gladiator began the quest for
                  | the Orb.
     0 | D:1      | Reached XP level 1. HP: 16/16 MP: 1/1
   111 | D:1      | Gained mutation: You are surrounded by a mild repulsion
                  | field. (EV +2) [demonic ancestry]
   111 | D:1      | Reached XP level 2. HP: 17/22 MP: 2/2
   547 | D:1      | Found a shimmering altar of Xom.
  1122 | D:2      | Gained mutation: Your flesh is heat resistant. (rF+)
                  | [demonic ancestry]
  1122 | D:2      | Reached XP level 3. HP: 22/28 MP: 3/3
  1123 | D:2      | HP: 1/28 [gnoll/+0 spear (7)]
  1124 | D:2      | Slain by a gnoll

Skill      XL: |  1  2 |
---------------+-------+-----
Throwing       | 2 |  2.0
Axes           | 3 |  3.2
Dodging        | 3 |  3.0
Fighting       | |  2.6

Action                   || total
-------------------------++-------
Melee: War axe           ||    55
  Use: Potion            ||     1
Armor: Leather armour    ||    11
       Skin              ||     1
Dodge: Dodged            ||    46
